AoeStats
← Death_Rider

Arabia

510932768Analyzed
2v2 RM · 20h ago on Oct 3, 2026· 55m 10s· 4 players
Game mode
Random Map
Map size
Medium (4 player)
Population
200
Speed
Normal
Resources
Standard
Victory
Conquest
Starting age
Dark Age
Ending age
Imperial Age
RankedLock teamsTeams togetherTeam positionsShared explorationLock speedFull tech treeHidden civsTurbo modeCheats
Victory
Defeat
🇩🇪 Romans · Germany
870
+16
🇩🇪 Italians · Germany
860
+16
🇺🇸 Magyars · United States
872
-16
🇺🇸 Mongols · United States
865
-16
Death_Rider
10:20 Feudal Age
15:14 Castle Age
13:50 Gold Mining
14:37 Fletching
15:34 Stone Mining
15:33 Loom
23:59 Double-Bit Axe
25:35 Town Watch
26:15 Ballistics
26:16 Padded Archer Armor
28:07 Leather Archer Armor
30:05 Bodkin Arrow
30:17 Scale Barding Armor
30:42 Masonry
31:01 Forging
32:01 Bloodlines
31:51 Husbandry
32:22 Chain Barding Armor
32:18 Bow Saw
32:43 Husbandry
33:05 Guard Tower
32:56 Treadmill Crane
34:12 Silk Road
34:13 Horse Collar
36:10 Wheelbarrow
39:18 Imperial Age
36:58 Light Cavalry
38:27 Stone Shaft Mining
39:32 Iron Casting
41:11 Chemistry
40:15 Bracer
40:51 Plate Barding Armor
39:51 Cavalier
40:57 Conscription
41:50 Keep
43:58 Hoardings
44:17 Coinage
44:57 Two-Man Saw
44:27 Hand Cart
46:22 Banking
46:32 Pikeman
50:00 Architecture
48:56 Elite Skirmisher
49:42 Thumb Ring
50:11 Caravan
52:04 Hussar
54:28 Pirotechnia
54:16 Elite Genoese Crossbowman
Borgi1304
3:25 Loom
11:19 Feudal Age
13:26 Double-Bit Axe
17:45 Horse Collar
18:20 Scale Mail Armor
26:05 Castle Age
26:46 Pikeman
28:47 Squires
28:09 Man-at-Arms
30:14 Chain Mail Armor
30:18 Stone Mining
31:15 Heavy Plow
31:32 Long Swordsman
35:30 Forging
45:54 Gold Mining
46:17 Bow Saw
47:27 Iron Casting
50:39 Imperial Age
47:56 Town Watch
49:49 Wheelbarrow
51:10 Legionary
53:09 Heavy Scorpion
54:22 Town Patrol
snacks165x
10:36 Feudal Age
11:07 Double-Bit Axe
11:57 Horse Collar
20:32 Wheelbarrow
19:58 Stone Mining
20:00 Gold Mining
23:31 Castle Age
24:43 Bow Saw
25:05 Fletching
25:55 Heavy Plow
26:29 Thumb Ring
26:25 Bodkin Arrow
26:33 Padded Archer Armor
29:49 Elite Skirmisher
33:57 Ballistics
37:12 Hand Cart
37:52 Stone Shaft Mining
38:31 Leather Archer Armor
38:23 Nomads
39:17 Husbandry
39:28 Bloodlines
38:40 Light Cavalry
39:30 Town Watch
39:31 Loom
48:59 Imperial Age
49:00 Forging
48:51 Scale Mail Armor
48:56 Scale Barding Armor
49:29 Onager
55:01 Parthian Tactics
53:57 Heavy Cavalry Archer
54:59 Conscription
54:45 Bracer
54:54 Town Patrol
DEADASS BEE
9:22 Feudal Age
9:48 Double-Bit Axe
9:54 Horse Collar
19:59 Wheelbarrow
21:27 Castle Age
20:43 Gold Mining
21:32 Wheelbarrow
23:04 Bow Saw
22:56 Heavy Plow
22:26 Elite Skirmisher
24:15 Heavy Plow
27:06 Hand Cart
27:17 Thumb Ring
27:40 Fletching
28:28 Bodkin Arrow
31:58 Stone Mining
34:39 Scale Barding Armor
35:38 Murder Holes
38:27 Imperial Age
37:12 Gold Shaft Mining
39:47 Bracer
41:06 Chemistry
41:22 Conscription
42:54 Pikeman
43:40 Scale Mail Armor
43:47 Padded Archer Armor
45:45 Leather Archer Armor
44:59 Halberdier
47:37 Two-Man Saw
48:45 Ring Archer Armor
49:27 Ballistics
49:26 Chain Mail Armor
49:25 Scale Barding Armor
Connection lost

Rejoining the realm…

Still unreachable

The connection could not be restored.

Session expired

The server has moved on; the page needs a fresh start.